 Dungeon Crawl Stone Soup version 0.32-a0-799-g95e1662365 (webtiles) character file.

Game seed: 4557419600390789700

885 backslashecho the Insei (level 7, -22/52 HPs)
             Began as a Demigod Shapeshifter on Mar 22, 2024.
             Killed from afar by Dowan (24 damage)
             ... with a shard of ice
             ... on level 4 of the Dungeon.
             The game lasted 00:08:12 (3284 turns).

backslashecho the Insei (Demigod Shapeshifter)      Turns: 3284, Time: 00:08:12

Health: -22/52     AC:  6    Str: 15    XL:     7   Next: 47%
Magic:  9/9        EV: 13    Int: 12    God:
Gold:   211        SH:  0    Dex: 21    Spells: 5/6 levels left

rFire   . .          .
                       - Unarmed
rCold   . . .        (no shield)
rNeg    . . .        a - +0 animal skin
rPois   .            (helmet currently unavailable)
rElec   .            (cloak currently unavailable)
rCorr   .            (gloves currently unavailable)
SInv    .            (boots currently unavailable)
Will    .....        (no amulet)
Stlth   ++           h - +4 ring of protection
HPRegen 0.28/turn    q - ring of wizardry
MPRegen 0.11/turn

%: wizardry (x1)
@: beast-form
A: beast (slay +2), high MP 1, forlorn, divine attributes
a: Begin Untransformation


You were on level 4 of the Dungeon.
You were a hulking beast.
You visited 1 branch of the dungeon, and saw 4 of its levels.

You collected 211 gold pieces.

Inventory:

Armour
 a - a +0 animal skin (worn)
 k - a scarf of harm
 p - a +0 pair of boots
Jewellery
 h - a +4 ring of protection (left hand)
 q - a ring of wizardry (right hand)
Talismans
 c - a beast talisman (active)
 d - a flux talisman
Scrolls
 e - a scroll of revelation
 f - a scroll of amnesia {unknown}
 g - 4 scrolls of enchant armour {unknown}
 i - 2 scrolls of identify
 m - a scroll of blinking {unknown}
 n - a scroll of brand weapon {unknown}
 o - a scroll of fear {unknown}
 r - 2 scrolls of teleportation {unknown}
 s - a scroll of poison {unknown}
 u - a scroll of enchant weapon {unknown}
 v - a scroll of vulnerability {unknown}
Potions
 j - a potion of mutation
 t - a potion of cancellation
 w - a potion of might


   Skills:
 - Level 1.5 Fighting
 + Level 3.9 Dodging
 * Level 5.8 Unarmed Combat
 - Level 3.0 Ice Magic
 + Level 4.2 Shapeshifting


You had 5 spell levels left.
You knew the following spells:

 Your Spells              Type           Power      Damage    Failure   Level
a - Freeze                Ice            28%        1d5       4%          1

Your spell library contained the following spells:

 Spells                   Type           Power      Damage    Failure   Level


Dungeon Overview and Level Annotations

Branches:
Dungeon (4/15)
 Temple: D:4-7

Annotations:
D:3 Grinder
D:4 Dowan


Innate Abilities, Weirdness & Mutations

You are a hulking beast.
Your limbs bulge with bestial killing power. (Slay +2)
You have an increased reservoir of magic. (+10% MP)
You shall have no god before yourself.
Your divine heritage dramatically boosts your attributes as you level up.


Message History

Throw: 4 darts (curare)
Press: ? - help, Q - select action, (/) - cycle Shift-Dir - straight line, f - Duvessa
Aim: Duvessa, wielding a +0 short sword and wearing a +0 leather armour (65% to hit)
You throw a curare-tipped dart. The curare-tipped dart hits Duvessa.
Duvessa is poisoned.
Duvessa struggles to breathe.
Duvessa seems to slow down.
Duvessa is moderately wounded.
Dowan closely misses you.
You closely miss Duvessa.
Duvessa is moderately wounded.
Duvessa hits you with a +0 short sword. Dowan casts a spell at you.
You easily resist.
You take 1 damage, and have 27/52 hp.
Throw: 3 darts (curare)
Press: ? - help, Q - select action, (/) - cycle Shift-Dir - straight line, f - Dowan, p - Duvessa
Aim: Dowan, wielding a +0 dagger and wearing a +0 robe (51% to hit)
You throw a curare-tipped dart. The curare-tipped dart misses Dowan.
Duvessa gestures with her weapon.
Duvessa hits you with a +0 short sword.
Dowan mumbles some strange words.
Dowan blinks!
You take 5 damage, and have 22/52 hp.
You close the door.
You hit Duvessa but do no damage.
Duvessa is heavily wounded.
Duvessa hits you with a +0 short sword.
You take 1 damage, and have 22/52 hp.
You closely miss Duvessa.
Duvessa is heavily wounded.
Duvessa barely misses you.
Something unseen opens the door.
You punch Duvessa!
Duvessa is heavily wounded.
You hit Duvessa.
Duvessa is severely wounded.
Duvessa hits you with a +0 short sword!
* * * LOW HITPOINT WARNING * * *
You take 7 damage, and have 15/52 hp.
Throw: 2 darts (curare)
Press: ? - help, Q - select action, (/) - cycle Shift-Dir - straight line, f/p - Dowan
Aim: Dowan, wielding a +0 dagger and wearing a +0 robe (51% to hit)
You throw a curare-tipped dart. The curare-tipped dart hits Dowan.
Dowan is poisoned.
Dowan struggles to breathe.
Dowan seems to slow down.
Dowan is lightly wounded.
Dowan misses you.
Duvessa says, "Where magic fails, the sword succeeds!"
Duvessa closely misses you.
You closely miss Dowan.
Dowan is lightly wounded.
You barely miss Duvessa.
Duvessa is severely wounded.
Dowan hits you with a +0 dagger.
* * * LOW HITPOINT WARNING * * *
Duvessa says, "Did you see that move?
Perfect!"
Duvessa hits you with a +0 short sword!
* * * LOW HITPOINT WARNING * * *
You take 11 damage, and have 4/52 hp.
MASSIVE DAMAGE!!
You feel better. Dowan hits you with a +0 dagger.
* * * LOW HITPOINT WARNING * * *
Duvessa hits you with a +0 short sword.
* * * LOW HITPOINT WARNING * * *
You regained 5 hp, and now have 9/52 hp.
You closely miss Duvessa.
Duvessa is almost dead.
You punch Duvessa!
You kill Duvessa!
Dowan seems overcome with grief.
Dowan seems to find hidden reserves of power!
Dowan points at you and mumbles some strange words.
The stone arrow hits you!
* * * LOW HITPOINT WARNING * * *
Training target 3.0 for Ice Magic reached!
Your Ice Magic skill increases to level 3!
You take 7 damage, and have 2/52 hp.
You hit Dowan.
Dowan is heavily wounded.
Dowan hits you but does no damage. The kobold completely misses you.
Okay, then.
Unknown command.
Unknown command.
Throw: dart (curare)
Press: ? - help, Shift-Dir - straight line, f/p - Dowan
Aim: Dowan, wielding a +0 dagger and wearing a +0 robe (heavily wounded, fast, poisoned, slow, 51% to hit)
You throw a curare-tipped dart. The curare-tipped dart hits Dowan.
Dowan looks even sicker.
Dowan struggles to breathe.
Dowan seems to be slow for longer.
Dowan is severely wounded.
Dowan hits you with a +0 dagger.
* * * LOW HITPOINT WARNING * * *
The kobold closely misses you.
You barely miss Dowan.
Dowan is severely wounded.
Dowan hits you but does no damage.
You barely miss Dowan.
Dowan is almost dead.
The kobold closely misses you.
Dowan points at you and mumbles some strange words.
The shard of ice hits you!!
You die...

#.# #.####.#####.# #.
..#+#....#.# #.#.....#
#.#. #.....##.#.#
#.#.....# #.#. .....## #.#
#.#.....# #.#. ####.# #.#
#.#.....# #.#. .....# #.#
#.#.....# #.#. ###### #.#
#(#.....# #.#. #.#
#K#.....# ####.#. #.#
#h#.....####...... #.#
#(e.....'.........
###'#######.....####.##.#.
#...............# #.##.#.
##...............# #.##.#.
.......K5.<........#
#.##.#.
........5...........#
#.##.#.
.....##'#######.....#
#.##)##
.....##.....###.....#
#.##...


You could see Dowan (fast, very poisoned, slow) and a kobold.

Vanquished Creatures
  Pikel (D:4)
  Edmund (D:4)
  Duvessa (D:4)
  A black bear (D:4)
  A lemure (D:4)
  A howler monkey (D:4)
  4 adders
  3 dart slugs
  2 ribbon worms (D:2)
  2 orcs (D:3)
  6 ball pythons
  3 bat zombies (D:3)
  6 endoplasms
  4 giant cockroaches
  7 hobgoblins
  3 kobolds
  2 quokkas
  7 bats
  6 frilled lizards
  A frilled lizard zombie (D:3)
  3 goblins
  8 rats
73 creatures vanquished.

Notes
Turn   | Place    | Note
-------+----------+-------------------------------------------
     0 | D:1      | backslashecho the Demigod Shapeshifter began the quest for
                  | the Orb.
     0 | D:1      | Reached XP level 1. HP: 15/15 MP: 3/3
   122 | D:1      | Reached skill level 1 in Fighting
   233 | D:1      | Reached skill level 3 in Unarmed Combat
   233 | D:1      | Reached XP level 2. HP: 23/23 MP: 4/4
   391 | D:1      | Got Plato's Exposition on Freezing
   678 | D:2      | Learned a level 1 spell: Freeze
   808 | D:2      | Reached XP level 3. HP: 27/28 MP: 5/5
  1903 | D:3      | Reached XP level 4. HP: 35/35 MP: 4/6
  1955 | D:3      | Noticed Grinder
  1964 | D:3      | Paralysed by Grinder for 4 turns
  2733 | D:4      | Noticed a black bear
  2740 | D:4      | Killed a black bear
  2741 | D:4      | Reached skill level 4 in Unarmed Combat
  2741 | D:4      | Reached skill level 1 in Ice Magic
  2741 | D:4      | Reached XP level 5. HP: 32/40 MP: 7/7
  2833 | D:4      | Noticed Pikel
  3039 | D:4      | Killed Pikel
  3040 | D:4      | Reached skill level 5 in Unarmed Combat
  3040 | D:4      | Reached XP level 6. HP: 11/47 MP: 8/8
  3040 | D:4      | Reached XP level 7. HP: 12/52 MP: 9/9
  3230 | D:4      | Noticed Duvessa
  3230 | D:4      | Noticed Edmund
  3231 | D:4      | Noticed Dowan
  3266 | D:4      | Killed Edmund
  3280 | D:4      | Killed Duvessa
  3280 | D:4      | HP: 2/52 [Dowan/stone arrow (7)]
  3284 | D:4      | Killed from afar by Dowan

Illustrated notes

Levels and vault maps discovered:
D:1:      dpeg_arrival_concentric_ovals, layout_rooms,
          shapermc_ecumenical_altar_rom_forum
D:2:      layout_loops_ring, basic_altar, chequers_serial_rivers_large_b
D:3:      layout_loops_cross, mainiacjoe_overflow_cross_hatched, tso_altar,
          mainiacjoe_overflow_alcove_4, bloody_makhleb,
          lemuel_zombie_altar_kikubaaqudgha, grunt_ministairs_5, moated_statue,
          uniq_grinder
D:4:      layout_basic, mainiacjoe_overflow_surrounded_room, uniq_pikel,
          uniq_duvessa, uniq_edmund

Skill      XL: |  1  2  3  4  5  6  7 |
---------------+----------------------+-----
Fighting       | 1 |  1.5
Unarmed Combat | 3 4 5 |  5.8
Dodging        | 2 3 |  3.9
Shapeshifting  | 3 4 |  4.2
Ice Magic      | 1 2 3 |  3.0

Action                     |  1- 3 |  4- 6 |  7- 9 || total
---------------------------+-------+-------+-------++-------
  Melee: Unarmed           |   128 |   103 |    21 ||   252
         Punch             |     3 |     3 |       ||     6
  Throw: Dart              |       |     4 |     5 ||     9
   Cast: Freeze            |     9 |     1 |       ||    10
    Use: Scroll            |     1 |       |     3 ||     4
         Potion            |     4 |       |     1 ||     5
   Stab: Sleeping          |     3 |       |       ||     3
 Armour: Animal skin       |    74 |    49 |    19 ||   142
         Skin              |     9 |       |       ||     9
  Dodge: Dodged            |    60 |    75 |     9 ||   144

Table legend: (Time is in decaauts)
 A = Elapsed time spent in this place.
 B = Non-inter-level travel time spent in this place.
 C = Inter-level travel time spent in this place.
 D = Time resting spent in this place.
 E = Time spent auto-exploring this place.
 F = Levels seen in this place.
 G = Mean time per level.
                   A        B        C        D        E       F      G
               +--------+--------+--------+--------+--------+-----+--------+
         Total |   3296 |   3072 |    224 |    379 |   1723 |   4 |  824.0 |
       Dungeon |   3296 |   3072 |    224 |    379 |   1723 |   4 |  824.0 |
               +--------+--------+--------+--------+--------+-----+--------+

Top non-repeatable levels by time:
     D:2: 1289 daAuts
     D:3: 732 daAuts
     D:1: 649 daAuts
     D:4: 624 daAuts
